cohdb
Replays
Latest Replays
All Replays
Popular Replays
Top Player Replays
Match Explorer
How It Works
Community
CoH3 Stats
Reddit
Sign in to upload your games and track your stats! →
Sign in with Steam
Match 41330388
Unlisted
Match 41330388
Overview
Messages
Build Orders
End
Scout Squad
Construct Barracks
Selects Special Operations Battlegroup
Riflemen Squad
1⁄4-ton 4x4 Truck
Riflemen Squad
M1 Mortar Team
Air Support Center
Construct Medical Station
Grenade Package
Construct Weapon Support Center
Bazooka Squad
M3 Armored Personnel Carrier
Selects M29 Weasel with M1 Pack Howitzer
M3 Armored Personnel Carrier
M29 Weasel with M1 Pack Howitzer
Selects Smoke Screen
Selects SSF Commando Squad
Engineer Squad
Improved M9 Bazooka Rockets
P-47 Strafing Run
Construct Motor Pool
c0mplete
Nubbl0r
0
0
Comments
sign in to comment!
No comments posted yet!